AoeStats
← 陟遐自迩

Hill Fort

506379569Analyzed
4v4 RM · 19d ago on Sep 13, 2026· 53m 26s· 8 players
Game mode
Random Map
Map size
Large (8 player)
Population
200
Speed
Normal
Resources
Standard
Victory
Conquest
Starting age
Dark Age
Ending age
Imperial Age
RankedLock teamsTeams togetherTeam positionsShared explorationLock speedFull tech treeHidden civsTurbo modeCheats
Victory
Defeat
1178
+14
🇫🇮 Britons · Finland
1094
+17
🇬🇪 Japanese · Georgia
1061
+18
🇨🇳 Huns · China
1050
+19
🇨🇳 Magyars · China
1137
-18
🇨🇳 Persians · China
1127
-17
🇨🇳 Tatars · China
1118
-17
🇩🇪 Italians · Germany
1094
-16
野生西红柿
0:30 Loom
10:44 Feudal Age
17:54 Castle Age
16:45 Double-Bit Axe
16:51 Horse Collar
17:01 Town Watch
17:52 Wheelbarrow
17:26 Gold Mining
17:39 Stone Mining
18:18 Scale Barding Armor
18:15 Fletching
19:41 Forging
20:05 Bow Saw
21:12 Heavy Plow
22:01 Gold Shaft Mining
22:42 Stone Shaft Mining
25:45 Hand Cart
27:33 Bloodlines
27:24 Husbandry
26:45 Light Cavalry
27:58 Town Patrol
29:09 Iron Casting
29:26 Chain Barding Armor
32:43 Imperial Age
30:35 Bodkin Arrow
34:04 Two-Man Saw
33:37 Crop Rotation
33:43 Plate Barding Armor
33:34 Conscription
32:57 Cavalier
34:42 Blast Furnace
34:02 Hussar
34:50 Savar
40:27 Capped Ram
41:52 Citadels
42:17 Hoardings
45:09 Hoardings
50:08 Squires
49:54 Gambesons
49:54 Arson
51:30 Pikeman
陟遐自迩
0:30 Loom
11:15 Feudal Age
11:46 Horse Collar
14:54 Wheelbarrow
15:22 Wheelbarrow
15:03 Double-Bit Axe
20:08 Castle Age
18:03 Stone Mining
22:25 Bow Saw
22:17 Heavy Plow
22:10 Fletching
22:20 Padded Archer Armor
22:31 Forging
22:42 Gold Mining
23:34 Stone Shaft Mining
25:01 Bodkin Arrow
25:21 Leather Archer Armor
25:27 Leather Archer Armor
31:50 Iron Casting
31:21 Scale Barding Armor
31:52 Ballistics
31:13 Treadmill Crane
31:44 Masonry
35:30 Imperial Age
33:21 Hand Cart
32:52 Town Watch
33:59 Chain Barding Armor
36:38 Bloodlines
36:31 Husbandry
35:54 Light Cavalry
37:19 Conscription
37:59 Crop Rotation
38:33 Two-Man Saw
37:58 Elite Genoese Crossbowman
38:58 Bracer
39:28 Ring Archer Armor
41:06 Chemistry
39:41 Hussar
47:04 Blast Furnace
46:39 Plate Barding Armor
51:34 Thumb Ring
LLih
11:36 Feudal Age
9:53 Loom
12:51 Double-Bit Axe
15:39 Castle Age
15:43 Wheelbarrow
15:01 Horse Collar
16:09 Wheelbarrow
17:21 Bow Saw
22:36 Heavy Plow
23:52 Town Watch
26:05 Gold Mining
26:05 Stone Mining
27:29 Silk Armor
30:40 Imperial Age
28:37 Fletching
28:48 Padded Archer Armor
29:10 Hand Cart
29:35 Bodkin Arrow
30:17 Leather Archer Armor
31:29 Bracer
32:00 Ring Archer Armor
30:56 Heavy Cavalry Archer
32:00 Conscription
32:10 Ballistics
32:51 Chemistry
32:07 Bloodlines
32:02 Husbandry
32:34 Treadmill Crane
33:00 Siege Engineers
32:22 Light Cavalry
32:25 Elite Skirmisher
33:49 Crop Rotation
33:41 Guilds
36:18 Scale Barding Armor
36:23 Forging
36:06 Hussar
38:50 Chain Barding Armor
39:05 Iron Casting
39:09 Caravan
39:39 Coinage
40:33 Timurid Siegecraft
39:44 Elite Keshik
44:37 Masonry
44:24 Murder Holes
45:31 Plate Barding Armor
46:14 Banking
48:57 Blast Furnace
涛哥
10:33 Feudal Age
17:19 Castle Age
15:35 Double-Bit Axe
19:20 Bow Saw
18:54 Horse Collar
27:29 Fletching
32:29 Imperial Age
30:47 Gold Mining
33:02 Wheelbarrow
32:31 Corvinian Army
33:59 Gold Shaft Mining
33:38 Husbandry
34:03 Bloodlines
34:54 Conscription
34:41 Padded Archer Armor
36:20 Bodkin Arrow
36:41 Leather Archer Armor
37:39 Bracer
37:45 Elite Skirmisher
45:16 Chemistry
46:26 Two-Man Saw
53:36 Ring Archer Armor
53:08 Scale Mail Armor
Jage
3:34 Loom
11:33 Feudal Age
13:46 Town Watch
16:40 Castle Age
15:23 Double-Bit Axe
15:30 Horse Collar
18:26 Bow Saw
20:18 Fletching
20:29 Padded Archer Armor
22:35 Bodkin Arrow
25:20 Ballistics
28:21 Squires
30:30 Yeomen
33:53 Leather Archer Armor
36:53 Imperial Age
39:58 Gold Mining
40:00 Stone Mining
41:59 Chemistry
43:21 Bracer
45:51 Elite Longbowman
50:16 Conscription
follow the white rabbit Δ
13:12 Feudal Age
14:28 Wheelbarrow
13:33 Horse Collar
13:39 Double-Bit Axe
14:04 Loom
18:06 Castle Age
16:41 Stone Mining
16:44 Gold Mining
20:39 Hand Cart
20:46 Bow Saw
21:18 Heavy Plow
22:31 Town Watch
24:32 Gold Shaft Mining
25:37 Fletching
25:48 Padded Archer Armor
28:56 Bodkin Arrow
29:16 Leather Archer Armor
30:42 Crossbowman
33:54 Imperial Age
32:05 Town Patrol
31:27 Pikeman
32:07 Squires
31:53 Arson
36:35 Chemistry
35:56 Ballistics
35:40 Bracer
36:13 Yeomen
36:16 Arbalester
37:49 Fortified Wall
37:20 Treadmill Crane
37:04 Elite Skirmisher
39:50 Ring Archer Armor
39:31 Forging
39:28 Scale Barding Armor
39:25 Scale Mail Armor
41:02 Two-Man Saw
46:13 Conscription
47:07 Halberdier
47:33 Arson
48:27 Iron Casting
48:08 Chain Mail Armor
嬴政1号
10:27 Feudal Age
11:16 Horse Collar
11:22 Double-Bit Axe
18:14 Castle Age
18:15 Wheelbarrow
22:11 Hand Cart
23:35 Heavy Plow
27:19 Gold Mining
27:20 Stone Mining
29:51 Bow Saw
33:18 Imperial Age
30:48 Loom
31:17 Forging
31:13 Scale Barding Armor
31:11 Marauders
32:36 Gold Shaft Mining
32:37 Husbandry
32:50 Bloodlines
33:05 Chain Barding Armor
33:21 Iron Casting
34:42 Plate Barding Armor
34:24 Elite Tarkan
35:39 Conscription
40:02 Blast Furnace
Dante_in_the_deep
11:14 Feudal Age
13:47 Double-Bit Axe
13:56 Horse Collar
14:29 Loom
18:10 Castle Age
17:32 Gold Mining
18:14 Fletching
22:57 Bodkin Arrow
23:17 Bow Saw
23:31 Padded Archer Armor
23:59 Heavy Plow
25:07 Wheelbarrow
25:05 Leather Archer Armor
26:11 Scale Mail Armor
26:22 Forging
32:53 Thumb Ring
35:22 Imperial Age
33:31 Chain Mail Armor
33:51 Iron Casting
36:30 Ballistics
36:21 Masonry
37:59 Elite Samurai
39:14 Plate Mail Armor
44:56 Iron Casting
44:01 Pikeman
45:37 Squires
45:22 Arson
Connection lost

Rejoining the realm…

Still unreachable

The connection could not be restored.

Session expired

The server has moved on; the page needs a fresh start.